 Dungeon Crawl Stone Soup version 0.27-a0-1193-g8631133539 (webtiles) character file.

Game seed: 12975710176659419396

2959 spiderkeys the Destroyer (level 9, -15/51 HPs)
             Began as an Octopode Conjurer on May 26, 2021.
             Was an Initiate of Gozag.
             Demolished by Erica
             ... wielding a +0 scimitar of flaming
              (16 damage)
             ... on level 8 of the Dungeon on May 27, 2021.
             The game lasted 00:25:42 (9746 turns).

spiderkeys the Destroyer (Octopode Conjurer)        Turns: 9746, Time: 00:25:42

Health: -15/51     AC:  1    Str:  6    XL:     9   Next: 81%
Magic:  0/19       EV: 17    Int: 23    God:    Gozag
Gold:   466        SH:  0    Dex: 11    Spells: 11/22 levels left

rFire    . . .     SeeInvis .   C - +2 dagger (venom)
rCold    . . .     Faith    .   (no shield)
rNeg     . . .     Spirit   .   (helmet restricted)
rPois    .         Reflect  .   (no amulet)
rElec    .         Harm     .   E - +4 ring of evasion
rCorr    .         Rampage  .   p - ring of willpower
Will     +....                  L - ring of flight
Stlth    +++.......             (no ring)
HPRegen  0.17/turn              (no ring)
MPRegen  0.16/turn              (no ring)
                                (no ring)
                                (no ring)

@: flying
A: almost no armour, amphibious, 8 rings, camouflage 1, gelatinous body 1,
(nimble swimmer 1), tentacles
a: Renounce Religion, Potion Petition, Call Merchant, Bribe Branch


You were on level 8 of the Dungeon.
You worshipped Gozag.
Gozag was aware of your devotion.
You visited 2 branches of the dungeon, and saw 9 of its levels.
You also visited: Ossuary.

You collected 555 gold pieces.
You paid 89 gold pieces to Gozag.


Innate Abilities, Weirdness & Mutations

You cannot wear most types of armour.
You are amphibious.
You can wear up to eight rings at the same time.
Your skin changes colour to match your surroundings (Stealth+).
Your rubbery body absorbs attacks. (AC +1, EV +1)
((You are camouflaged near water. (Stealth+)))
You have tentacles for arms and can constrict up to eight enemies at once.


   Skills:
 - Level 2.0 Dodging
 - Level 2.6 Stealth
 + Level 7.2 Spellcasting
 - Level 11.0 Conjurations
 + Level 2.2 Hexes
 + Level 2.1 Translocations


You had 11 spell levels left.
You knew the following spells:

 Your Spells              Type           Power      Damage    Failure   Level
f - Fulminant Prism       Conj/Hex       19%        3d11      4%          4
m - Magic Dart            Conj           100%       1d8       1%          1
s - Searing Ray           Conj           100%       3d7       1%          2
X - Iskenderun's Mystic   Conj/Tloc      38%        2d9       4%          4

Your spell library contained the following spells:

 Spells                   Type           Power      Damage    Failure   Level
 Dazzling Flash           Conj/Hex       76%        N/A       1%          3
 Conjure Flame            Conj/Fire      33%        6-21      2%          3
 Corona                   Hex            20%        N/A       3%          1
 Blink                    Tloc           N/A        N/A       4%          2
 Slow                     Hex            18%        N/A       4%          2
 Mephitic Cloud           Conj/Pois/Air  25%        N/A       4%          3
 Ensorcelled Hibernation  Hex/Ice        26%        N/A       7%          2
 Summon Small Mammal      Summ           32%        N/A       8%          1
 Confusing Touch          Hex            18%        N/A       9%          3
 Tukima's Dance           Hex            18%        N/A       9%          3
 Gell's Gravitas          Tloc           9%         N/A       10%         3
 Call Imp                 Summ           8%         N/A       12%         2
 Summon Guardian Golem    Hex/Summ       13%        N/A       14%         3
 Call Canine Familiar     Summ           8%         N/A       22%         3
 Petrify                  Tmut/Erth      8%         N/A       58%         4
 Summon Ice Beast         Ice/Summ       8%         N/A       58%         4
 Summon Lightning Spire   Summ/Air       8%         N/A       58%         4
 Metabolic Englaciation   Hex/Ice        6%         N/A       78%         5
 Yara's Violent Unravell  Hex/Tmut       6%         3d5       78%         5

Inventory:

Hand Weapons
 y - a +3 dagger
   (You took it off a wight on level 8 of the Dungeon)
 C - a +2 dagger of venom (weapon)
   (You took it off a kobold on level 1 of the Dungeon)
Missiles
 a - 161 stones
 d - 6 boomerangs
 l - 60 arrows
 m - 42 bolts
 o - 8 javelins
 v - 36 sling bullets
 D - 5 poisoned darts
Jewellery
 c - a ring of ice
   (You found it on level 7 of the Dungeon)
 p - a ring of willpower (right tentacle)
   (You found it on level 4 of the Dungeon)
 E - a +4 ring of evasion (left tentacle)
   (You took it off an orc on level 4 of the Dungeon)
 F - a ring of fire
   (You found it on level 6 of the Dungeon)
 L - a ring of flight (on tentacle)
   (You found it on level 4 of the Dungeon)
Wands
 g - a wand of mindburst (14)
   (You found it on level 6 of the Dungeon)
 n - a wand of flame (46)
   (You found it on level 4 of the Dungeon)
 B - a wand of acid (5)
   (You found it on level 7 of the Dungeon)
Scrolls
 b - 2 scrolls of teleportation {@r4}
 e - 2 scrolls of vulnerability {!r!r}
 t - 2 scrolls of enchant armour
 w - a scroll of enchant weapon
 A - 2 scrolls of immolation {!r!r}
 H - 2 scrolls of amnesia
Potions
 f - a potion of brilliance {unknown}
 h - 3 potions of lignification {!q}
 i - 2 potions of berserk rage {unknown}
 j - 3 potions of curing {@q1}
 k - a potion of resistance {unknown}
 q - a potion of haste {unknown}
 r - a potion of ambrosia {unknown}
 s - 2 potions of heal wounds {unknown}
 u - a potion of attraction {unknown}
 x - 2 potions of might {unknown}
 z - 4 potions of flight {unknown}
 G - a potion of cancellation {unknown}
 I - 7 potions of degeneration {unknown}

Dungeon Overview and Level Annotations

Branches:
Dungeon (8/15)             Temple (1/1) D:7         Ossuary (visited)
   Lair: D:8-11

Altars:
Ashenzari
Dithmenos
Gozag
Hepliaklqana
Makhleb
Qazlal
Ru
Wu Jian
Zin
The Shining One

Shops:
D:1 (:=:*

Annotations:
D:8 Erica

**,,**#..####..###.####..##.###.#
**'#####'####..############.#####
,,.......................#.......
,,.......$...............#.).....
,,.......................#.......
,,..........{............'.......
**...##.>.###..##.###'#########..
**..,*###########+###..####.###..
,,.,,,,,,.......@{...............
,,,,,,,,,........................
,,,,,,,,,........................
*,,*****,.###############...##...
,+#######'**#.....##,,,*##'###...
,#...#...#,,#......#,,,,.........
*#?>.#.>.**,#.$....#,,,..........
**...*...**,#......#,,...........
*#########*,#..?...#,,...........


There were no monsters in sight!


Message History

Erica gestures at herself while chanting.
Erica flickers and vanishes!
Deactivating autopickup; reactivate with Ctrl-A.
The bullfrog hits your fulminant prism but does no damage.
The blast of energy engulfs the bullfrog! 😎 MP[-4]
You lost 4 mp, and now have 3/19 mp.
Your fulminant prism crackles loudly. 😎 MP[+1]
The blast of energy engulfs something!!
Casting: Fulminant Prism (dangerous; 4% risk of failure)
Confirm with . or Enter, or press ? or * to list all spells.
Aiming: Fulminant Prism (dangerous; 4% risk of failure)
Press: ? - help, Dir - move target You conjure a prism of explosive energy!
A fulminant prism comes into view. 😎 MP[-4]
You lost 4 mp, and now have 0/19 mp.
The bullfrog hits your fulminant prism.
You hear some strange, mumbled words.
A bolt of poison appears from out of thin air!
The bolt of poison hits your fulminant prism.
Your fulminant prism completely resists.
The bolt of poison misses you.
Your fulminant prism crackles loudly.
Your magical contamination has completely faded away.
Something hits your fulminant prism! Something burns your fulminant prism.
The blast of energy engulfs something!
The blast of energy engulfs the bullfrog!!
You kill the bullfrog!
Your Translocations skill increases to level 2! 😎 MP[+1]
You reach down and open the door.
There is an open door here.
You reach down and close the door.
You start resting.
Something hits you. Something burns you. 😕 HP[-8] MP[+2]
You take 8 damage, and now have 43/51 hp.
You regained 2 mp, and now have 3/19 mp.
Casting: Fulminant Prism (dangerous; 4% risk of failure)
Confirm with . or Enter, or press ? or * to list all spells.
Okay, then.
You hit something. Your squeeze misses something. Something hits you!
Something burns you. 😮 HP[-8]
You take 8 damage, and now have 35/51 hp.
Casting: Fulminant Prism (dangerous; 4% risk of failure)
Confirm with . or Enter, or press ? or * to list all spells.
You don't have enough magic to cast this spell.
Casting: Fulminant Prism (dangerous; 4% risk of failure)
Confirm with . or Enter, or press ? or * to list all spells.
You can't see any susceptible monsters within range! (Use Z to cast anyway.)
Casting: Fulminant Prism (dangerous; 4% risk of failure)
Confirm with . or Enter, or press ? or * to list all spells.
Okay, then.
Casting: Fulminant Prism (dangerous; 4% risk of failure)
Confirm with . or Enter, or press ? or * to list all spells.
You can't see any susceptible monsters within range! (Use Z to cast anyway.) Unknown command.
Casting: Fulminant Prism (dangerous; 4% risk of failure)
Confirm with . or Enter, or press ? or * to list all spells.
Aiming: Searing Ray (safe; 1% risk of failure)
Press: ? - help, Shift-Dir - straight line (Press . to maintain the ray.)
Something hits you!
* * * LOW HITPOINT WARNING * * *
Something burns you.
* * * LOW HITPOINT WARNING * * *
😨 HP[-17] MP[-1]
You take 17 damage, and now have 18/51 hp.
MASSIVE DAMAGE!! (PAUSE)
You lost 1 mp, and now have 2/19 mp.
The searing ray hits something!
Something hits you.
* * * LOW HITPOINT WARNING * * *
Something burns you.
* * * LOW HITPOINT WARNING * * *
😱 HP[-7] MP[-1]
You take 7 damage, and now have 11/51 hp.
You lost 1 mp, and now have 1/19 mp.
Something hits you.
* * * LOW HITPOINT WARNING * * *
Something burns you.
* * * LOW HITPOINT WARNING * * *
😱 HP[-5] MP[-1]
You take 5 damage, and now have 6/51 hp.
You lost 1 mp, and now have 0/19 mp.
You feel better. Something hits you!
* * * LOW HITPOINT WARNING * * *
Something burns you.
* * * LOW HITPOINT WARNING * * *
😱 HP[-5]
You take 5 damage, and now have 1/51 hp.
Unknown command.
Aiming: Corrosive Bolt
Press: ? - help, Shift-Dir - straight line The bolt of acid hits something!
The acid corrodes something!
Something hits you!
You die...
Your body crumbles into a pile of gold.

Skill      XL: |  1  2  3  4  5  6  7  8  9 |
---------------+----------------------------+-----
Conjurations   | 5 6 7 8 10 11 | 11.0
Spellcasting   | 3 4 5 6 7 |  7.2
Hexes          | 2 |  2.2
Translocations | 2 |  2.1
Dodging        | |  2.0
Stealth        | |  2.6

Action                   |  1- 3 |  4- 6 |  7- 9 || total
-------------------------+-------+-------+-------++-------
Melee: Unarmed           |     2 |       |       ||     2
       Tentacles         |     2 |       |       ||     2
       Dagger            |     1 |     3 |     3 ||     7
       Constrict         |     1 |     1 |     1 ||     3
 Cast: Magic Dart        |    47 |    45 |   124 ||   216
       Searing Ray       |     5 |    10 |    55 ||    70
       Fulminant Prism   |       |       |    16 ||    16
Evoke: Wand              |       |       |     1 ||     1
  Use: Scroll            |       |       |    15 ||    15
       Potion            |       |       |     2 ||     2
Armor: Skin              |     1 |       |       ||     1
Dodge: Dodged            |    17 |     1 |    44 ||    62

Levels and vault maps discovered:
D:1:      scummos_arrival_hexagon, layout_loops_ring, serial_shops,
          nicolae_shop_statue_plus, nicolae_shop_crystal, shop_fountains,
          nicolae_shop_temple_entry_statues_fountains, nicolae_shop_stone,
          shapermc_ecumenical_altar_gd, minivault_25, hangedman_decor_riveting,
          st_stairs_4, minmay_misc_feat_tower
D:2:      layout_rooms, uniq_jessica
D:3:      layout_basic, uniq_sigmund
D:4:      layout_loops_ring
D:5:      layout_loops_cross, kennysheep_mini, old_standard_altar,
          kennysheep_generic_room_3
D:6:      layout_basic, lemuel_flamethrower_1, uniq_edmund
D:7:      layout_loops_cross, temple_pool_b, dk_noncrumbling_4
D:8:      layout_gridville, nicolae_ossuary_entry_false_entrances,
          gammafunk_ghost_split, uniq_erica
Temple:   regret_index_temple_chain_breaker

Notes
Turn   | Place    | Note
-------+----------+-------------------------------------------
     0 | D:1      | spiderkeys the Octopode Conjurer began the quest for the
                  | Orb.
     0 | D:1      | Reached XP level 1. HP: 11/11 MP: 3/3
     0 | D:1      | magus.rc [v1.9.10]
     7 | D:1      | You pick up a book of Conjurations and begin reading...
    18 | D:1      | Found Gaoluq's Book Boutique.
    26 | D:1      | Found Hifis's Assorted Antiques.
   310 | D:1      | Reached XP level 2. HP: 17/17 MP: 0/5
   313 | D:1      | Learned a level 2 spell: Searing Ray
   531 | D:1      | Found a faded altar of an unknown god.
   541 | D:1      | Found Itoyfin's Antique Weapon Shoppe.
   726 | D:1      | Reached XP level 3. HP: 21/21 MP: 1/6
   902 | D:1      | Found Fysuin's Jewellery Shop.
  1082 | D:1      | Found Forerghow's Book Shop.
  1698 | D:2      | Reached skill level 5 in Conjurations
  1698 | D:2      | Reached XP level 4. HP: 27/27 MP: 0/8
  2264 | D:2      | Reached skill level 3 in Spellcasting
  2425 | D:2      | Noticed Jessica
  2431 | D:2      | Killed Jessica
  2432 | D:2      | Reached XP level 5. HP: 31/31 MP: 3/9
  2665 | D:3      | Noticed Sigmund
  2671 | D:3      | Killed Sigmund
  2672 | D:3      | Reached skill level 6 in Conjurations
  2672 | D:3      | Reached XP level 6. HP: 16/36 MP: 1/11
  2882 | D:3      | You fall into a shaft and drop 3 floors!
  2887 | D:5      | Entered Level 5 of the Dungeon
  2913 | D:5      | Found a shadowy altar of Dithmenos.
  2990 | D:5      | Reached skill level 4 in Spellcasting
  2995 | D:5      | Reached skill level 7 in Conjurations
  2995 | D:5      | Reached XP level 7. HP: 38/41 MP: 0/13
  3219 | D:4      | You pick up a book of Maledictions and begin reading...
  3219 | D:4      | You add the spells Corona, Ensorcelled Hibernation,
                  | Confusing Touch and Tukima's Dance to your library.
  3394 | D:3      | You pick up a book of Maledictions and begin reading...
  4064 | D:3      | You pick up a book of Minor Magic and begin reading...
  4064 | D:3      | You add the spells Blink, Call Imp, Slow, Conjure Flame and
                  | Mephitic Cloud to your library.
  4333 | D:4      | Learned a level 4 spell: Fulminant Prism
  4338 | D:4      | Learned a level 4 spell: Iskenderun's Mystic Blast
  4553 | D:4      | Reached skill level 8 in Conjurations
  4933 | D:4      | You pick up a book of Callings and begin reading...
  4933 | D:4      | You add the spells Summon Small Mammal, Call Canine
                  | Familiar, Summon Guardian Golem, Summon Lightning Spire and
                  | Summon Ice Beast to your library.
  5121 | D:5      | Reached skill level 5 in Spellcasting
  5121 | D:5      | Reached XP level 8. HP: 14/46 MP: 9/15
  5718 | D:5      | Found a burning altar of Makhleb.
  5767 | D:5      | You pick up a book of Minor Magic and begin reading...
  6425 | D:6      | Reached skill level 9 in Conjurations
  6743 | D:6      | Noticed Edmund
  6999 | D:6      | Killed Edmund
  7000 | D:6      | Reached skill level 6 in Spellcasting
  7191 | D:6      | Reached skill level 10 in Conjurations
  7191 | D:6      | Reached XP level 9. HP: 50/51 MP: 10/18
  7713 | D:7      | Found a staircase to the Ecumenical Temple.
  7724 | Temple   | Entered the Ecumenical Temple
  7760 | Temple   | Became a worshipper of Gozag Ym Sagoz the Greedy
  8600 | D:8      | Found a sand-covered staircase.
  8605 | Ossuary  | Entered an ossuary
  9270 | D:8      | Reached skill level 7 in Spellcasting
  9284 | D:8      | Reached skill level 1 in Hexes
  9284 | D:8      | Reached skill level 1 in Translocations
  9519 | D:8      | You pick up a book of Misfortune and begin reading...
  9519 | D:8      | You add the spells Gell's Gravitas, Petrify, Metabolic
                  | Englaciation and Yara's Violent Unravelling to your
                  | library.
  9551 | D:8      | Noticed a death knight
  9576 | D:8      | Reached skill level 11 in Conjurations
  9581 | D:8      | Reached skill level 2 in Hexes
  9711 | D:8      | Noticed Erica
  9722 | D:8      | Reached skill level 2 in Translocations
  9743 | D:8      | HP: 12/51 [something (6)]
  9745 | D:8      | HP: 2/51 [something (11)]
  9746 | D:8      | Demolished by Erica

Vanquished Creatures
  Sigmund (D:3)
  A wyvern (D:8)
  A steam dragon (D:8)
  Edmund (D:6)
  A water moccasin (D:6)
  2 ice beasts
  An orc warrior (D:8)
  2 necrophages (D:7)
  3 ogres
  2 centaurs
  2 phantoms
  A kobold brigand (D:7)
  A bullfrog (D:8)
  4 killer bees (D:8)
  3 wights (D:8)
  2 howler monkeys (D:8)
  3 hounds
  3 jellies
  2 orc priests (D:5)
  A gnoll shaman (D:5)
  Jessica (D:2)
  3 iguanas
  An orc wizard (D:8)
  A hound zombie (D:5)
  3 mummies (Ossuary)
  2 howler monkey zombies
  11 adders
  7 gnolls
  A white imp (D:6)
  A worm (D:4)
  2 dart slugs
  19 orcs
  9 endoplasms
  4 giant cockroaches
  A gnoll zombie (Ossuary)
  4 goblins
  11 hobgoblins
  6 jackals
  4 quokkas
  4 ball pythons
  5 bats
  4 frilled lizards
  3 hobgoblin zombies (Ossuary)
  12 kobolds
  3 kobold zombies (Ossuary)
  An orc zombie (Ossuary)
  2 rats
162 creatures vanquished.

Vanquished Creatures (others)
  16 fulminant prisms
16 creatures vanquished.

Grand Total: 178 creatures vanquished

Table legend:
 A = Non-vault XP
 B = Vault XP
 C = Vault XP percentage of total XP
 D = Non-vault monster count
 E = Vault monster count
 F = Vault count percentage of total count
                 A         B        C        D         E       F
            +---------+---------+-------+---------+---------+-------
      Total |    3615 |     613 |  14.5 |     145 |      17 |  10.5
            +---------+---------+-------+---------+---------+-------
        D:1 |      64 |       3 |   4.5 |      22 |       2 |   8.3
        D:2 |      96 |      37 |  27.8 |      19 |       1 |   5.0
        D:3 |     216 |     231 |  51.7 |      22 |       1 |   4.3
        D:4 |     213 |       0 |   0.0 |      19 |       0 |   0.0
        D:5 |     482 |     107 |  18.2 |      19 |       1 |   5.0
        D:6 |     788 |     169 |  17.7 |      15 |       1 |   6.2
        D:7 |     553 |       0 |   0.0 |      12 |       0 |   0.0
        D:8 |    1203 |       0 |   0.0 |      17 |       0 |   0.0
    Ossuary |       0 |      66 | 100.0 |       0 |      11 | 100.0
            +---------+---------+-------+---------+---------+-------

Illustrated notes

Table legend:
 A = Kills in this place as a percentage of kills in entire the game.
 B = Kills by you in this place as a percentage of kills by you in the entire game.
 C = Kills by friends in this place as a percentage of kills by friends in the entire game.
 D = Other kills in this place as a percentage of other kills in the entire game.
 E = Experience gained in this place as a percentage of experience gained in the entire game.
 F = Experience gained in this place divided by the number of levels of this place that you have seen.
                   A       B       C       D       E      F
               +-------+-------+-------+-------+-------+----------------------
         Total | 100.0 | 100.0 |   N/A |   N/A | 100.0 | 422.8
       Dungeon |  93.2 |  93.2 |   N/A |   N/A |  98.4 | 520.2
       Ossuary |   6.8 |   6.8 |   N/A |   N/A |   1.6 |  66.0
               +-------+-------+-------+-------+-------+----------------------

Table legend: (Time is in decaauts)
 A = Elapsed time spent in this place.
 B = Non-inter-level travel time spent in this place.
 C = Inter-level travel time spent in this place.
 D = Time resting spent in this place.
 E = Time spent auto-exploring this place.
 F = Levels seen in this place.
 G = Mean time per level.
                   A        B        C        D        E       F      G
               +--------+--------+--------+--------+--------+-----+--------+
         Total |   9753 |   9527 |    226 |   1944 |   6420 |  10 |  975.3 |
       Dungeon |   9271 |   9064 |    207 |   1901 |   6107 |   8 | 1158.9 |
        Temple |     56 |     37 |     19 |      0 |     34 |   1 |   56.0 |
       Ossuary |    425 |    425 |      0 |     43 |    279 |   1 |  425.0 |
               +--------+--------+--------+--------+--------+-----+--------+

Top non-repeatable levels by time:
     D:1: 1713 daAuts
     D:3: 1283 daAuts
     D:4: 1273 daAuts
     D:6: 1256 daAuts
     D:5: 1072 daAuts
     D:7: 1063 daAuts
     D:2: 866 daAuts
     D:8: 742 daAuts
 Ossuary: 425 daAuts
  Temple: 56 daAuts
